 Dungeon Crawl Stone Soup version 0.30-a0-218-gedb9141078 (webtiles) character file.

Game seed: 3422418506133779242

43 LnG the Caller (level 3, -1/19 HPs)
             Began as a Kobold Summoner on Oct 5, 2022.
             Slain by an adder (4 damage)
             ... on level 2 of the Dungeon.
             The game lasted 00:02:53 (1224 turns).

LnG the Caller (Kobold Summoner)                    Turns: 1224, Time: 00:02:54

Health: -1/19      AC:  2    Str:  5    XL:     3   Next: 82%
Magic:  5/7        EV: 15    Int: 18    God:
Gold:   9          SH:  0    Dex: 15    Spells: 1/7 levels left

rFire   . . .      SeeInvis .    e - +0 dagger
rCold   . . .      Faith    .    (no shield)
rNeg    . . .      Spirit   .    a - +0 robe
rPois   .          Reflect  .    (no helmet)
rElec   .          Harm     .    (no cloak)
rCorr   .          Rampage  .    (no gloves)
Will    .....                    (no boots)
Stlth   +++.......               (no amulet)
HPRegen 0.23/turn                (no ring)
MPRegen 0.10/turn                (no ring)

@: lethally poisoned (-1 -> -4)
A: small, no large weapons, nightstalker 3
a: no special abilities


You were on level 2 of the Dungeon.
You visited 1 branch of the dungeon, and saw 2 of its levels.

You collected 9 gold pieces.

Inventory:

Hand Weapons
 e - a +0 dagger (weapon)
Missiles
 h - a throwing net
Armour
 a - a +0 robe (worn)
Scrolls
 g - a scroll of noise {unknown}
 i - a scroll of teleportation {unknown}
 j - a scroll of identify
Potions
 b - a potion of magic
 c - a potion of curing
 d - a potion of mutation {unknown}
 f - 2 potions of degeneration {unknown}


   Skills:
 + Level 2.6 Dodging
 * Level 3.4 Stealth
 + Level 2.7 Spellcasting
 + Level 4.6 Summonings


You had one spell level left.
You knew the following spells:

 Your Spells              Type           Power      Damage    Failure   Level
a - Summon Small Mammal   Summ           76%        N/A       2%          1
b - Call Imp              Summ           19%        N/A       3%          2
c - Call Canine Familiar  Summ           19%        N/A       8%          3

Your spell library contained the following spells:

 Spells                   Type           Power      Damage    Failure   Level
 Summon Guardian Golem    Hex/Summ       10%        N/A       21%         3
 Summon Lightning Spire   Summ/Air       10%        N/A       54%         4


Dungeon Overview and Level Annotations

Branches:
Dungeon (2/15)

Altars:


Innate Abilities, Weirdness & Mutations

You are small and have problems with some larger weapons.
You are completely attuned to the shadows.


Message History

The spell is extremely dangerous to miscast (8% risk of failure)!
Continue anyway?
The adder barely misses you.
You hit the adder but do no damage. Your punch misses the adder.
The adder misses you.
You hit the adder.
The adder is lightly wounded.
The adder bites you but does no damage. The adder bites you.
You are poisoned.
The adder poisons you!
Your hound barely misses the adder.
You barely miss the adder.
The adder is lightly wounded.
You feel sick.
Your hound barely misses the adder.
The adder bites you.
You completely miss the adder.
The adder is lightly wounded.
You feel sick.
Your hound bites the adder.
The adder completely misses you.
Your hound bites the adder.
You hit the adder but do no damage.
The adder is heavily wounded.
You feel sick. The adder bites you.
You are lethally poisoned!
The adder poisons you!
Your hound bites the adder.
The adder barely misses you.
You barely miss the adder.
The adder is heavily wounded.
You feel sick.
Your hound misses the adder. The adder misses you.
Your hound bites the adder.
You are too injured to fight recklessly!
You are too injured to fight recklessly!
You barely miss the adder.
The adder is severely wounded.
You feel sick. The adder misses you.
Your hound bites the adder.
You miss the adder.
The adder is almost dead.
* * * LOW HITPOINT WARNING * * *
You feel sick.
Your hound barely misses the adder.
The adder closely misses you.
Your hound barely misses the adder.
You barely miss the adder.
The adder is almost dead.
* * * LOW HITPOINT WARNING * * *
You feel sick. The adder bites you.
You die...

#.# #.##
##..#
####..##
...†.<.#
.......#..
.####@....
#.Sh..#.
...#.....
.##......
.....#


You could see an adder (ally target) and a friendly hound (summoned).

Vanquished Creatures
  2 dart slugs (D:1)
  2 ball pythons (D:1)
  An endoplasm (D:1)
  3 hobgoblins
  A quokka (D:1)
  2 frilled lizards (D:1)
  3 kobolds (D:1)
  A rat (D:1)
15 creatures vanquished.

Vanquished Creatures (collateral kills)
  2 bats (D:1)
  2 endoplasms (D:1)
  A giant cockroach (D:1)
  4 hobgoblins (D:1)
  A quokka (D:1)
  5 ball pythons (D:1)
  A frilled lizard (D:1)
  3 kobolds (D:1)
  2 rats (D:1)
21 creatures vanquished.

Vanquished Creatures (others)
  A plant (D:1)
1 creature vanquished.

Grand Total: 37 creatures vanquished

Notes
Turn   | Place    | Note
-------+----------+-------------------------------------------
     0 | D:1      | LnG the Kobold Summoner began the quest for the Orb.
     0 | D:1      | Reached XP level 1. HP: 10/10 MP: 3/3
   289 | D:1      | Reached XP level 2. HP: 15/15 MP: 1/5
   292 | D:1      | Learned a level 2 spell: Call Imp
   604 | D:1      | Reached XP level 3. HP: 19/19 MP: 6/6
   608 | D:1      | Learned a level 3 spell: Call Canine Familiar
  1224 | D:2      | Slain by an adder

Illustrated notes

Levels and vault maps discovered:
D:1:      kennysheep_arrival_seaside, layout_basic, minmay_tall_x
D:2:      layout_rooms, ebering_ecumenical_altar_mist, minmay_hedge_maze

Skill      XL: |  1  2 |
---------------+-------+-----
Stealth        | 3 |  3.4
Dodging        | |  2.6
Spellcasting   | |  2.7
Summonings     | |  4.6

Action                   || total
-------------------------++-------
Melee: Unarmed           ||    24
       Dagger            ||    50
 Cast: Summon Small Mamm ||    12
       Call Imp          ||     4
       Call Canine Famil ||     2
  Use: Scroll            ||     2
 Stab: Distracted        ||     1
       Sleeping          ||     8
Armor: Robe              ||     9
Dodge: Dodged            ||    73

Table legend: (Time is in decaauts)
 A = Elapsed time spent in this place.
 B = Non-inter-level travel time spent in this place.
 C = Inter-level travel time spent in this place.
 D = Time resting spent in this place.
 E = Time spent auto-exploring this place.
 F = Levels seen in this place.
 G = Mean time per level.
                   A        B        C        D        E       F      G
               +--------+--------+--------+--------+--------+-----+--------+
         Total |   1226 |   1166 |     60 |      0 |    875 |   2 |  613.0 |
       Dungeon |   1226 |   1166 |     60 |      0 |    875 |   2 |  613.0 |
               +--------+--------+--------+--------+--------+-----+--------+

Top non-repeatable levels by time:
     D:1: 1212 daAuts
     D:2: 13 daAuts
